 Dungeon Crawl Stone Soup version 0.31-a0-1178-gc5c9b8f871 (webtiles) character file.

Game seed: 6719750398620707728

2100 qw the Skirmisher (level 9, -9/55 HPs)
             Began as a Gargoyle Hunter on Dec 11, 2023.
             Was a Believer of Okawaru.
             Mangled by Edmund
             ... wielding a +2 flail of protection
              (12 damage)
             ... on level 6 of the Dungeon.
             The game lasted 00:02:42 (4479 turns).

qw the Skirmisher (Gargoyle Hunter)                 Turns: 4479, Time: 00:02:43

Health: -9/55      AC: 14    Str: 16    XL:     9   Next: 28%
Magic:  12/12      EV: 12    Int: 10    God:    Okawaru [**....]
Gold:   256        SH:  0    Dex: 17    Spells: 8/8 levels left

rFire   + . .        a - +3 shortbow
rCold   + . .        (shield currently unavailable)
rNeg    + . .        h - +1 leather armour of Zoseat {rF+ rC+ Str-5}
rPois   inf          (no helmet)
rElec   +            l - +0 cloak
rCorr   .            c - +0 pair of gloves
SInv    .            g - +0 pair of boots
Will    .....        (no amulet)
Stlth   ++           j - +6 ring of strength
HPRegen 0.29/turn    (no ring)
MPRegen 0.13/turn

%: no passive effects
@: no status effects
A: sickness immunity, AC +6, negative energy resistance 1, electricity
resistance, torment resistance 1, petrification resistance
a: Renounce Religion, Heroism


You were on level 6 of the Dungeon.
You worshipped Okawaru.
Okawaru was pleased with you.
You visited 2 branches of the dungeon, and saw 7 of its levels.

You collected 256 gold pieces.


Innate Abilities, Weirdness & Mutations

You are immune to sickness and miasma.
Your stone body is resilient. (AC +6)
You are immune to poison.
You resist negative energy. (rN+)
You are resistant to electric shocks. (rElec)
You are resistant to unholy torment.
You are immune to petrification.


   Skills:
 - Level 6.0 Fighting
 - Level 10.1 Ranged Weapons
 - Level 2.7 Armour
 + Level 2.6 Dodging
 - Level 1.1 Stealth
 - Level 4.1 Invocations


You had 8 spell levels left.
You didn't know any spells.
Your spell library was empty.

Inventory:

Hand Weapons
 a - a +3 shortbow (weapon)
Armour
 b - a +1 ring mail
 c - a +0 pair of gloves (worn)
 g - a +0 pair of boots (worn)
 h - the +1 leather armour of Zoseat (worn) {rF+ rC+ Str-5}
   (You took it off a gnoll sergeant on level 5 of the Dungeon)

   Str-5:     It affects your strength (-5).
   rF+:       It protects you from fire.
   rC+:       It protects you from cold.
 i - a +0 helmet
 l - a +0 cloak (worn)
Jewellery
 d - a +5 ring of evasion
 j - a +6 ring of strength (left hand)
Scrolls
 e - 2 scrolls of identify
Potions
 f - a potion of invisibility {unknown}
 k - a potion of curing
 m - a potion of cancellation
 n - a potion of enlightenment {unknown}

Dungeon Overview and Level Annotations

Branches:
Dungeon (6/15)             Temple (1/1) D:5

Altars:
Ashenzari
Cheibriados
Dithmenos
Elyvilon
Fedhas
Gozag
Hepliaklqana
Kikubaaqudgha
Makhleb
Nemelex Xobeh
Okawaru
Qazlal
Ru
Trog
Uskayaw
Vehumet
Wu Jian
Yredelemnul
Zin
The Shining One

Annotations:
D:6 Edmund


Message History

You shoot an arrow. The arrow barely misses Edmund.
Edmund hits you with a +2 flail of protection!
You shoot an arrow.
The arrow hits Edmund but does no damage.
Edmund is moderately wounded.
Edmund hits you with a +2 flail of protection!
You shoot an arrow.
The arrow hits Edmund but does no damage.
Edmund is moderately wounded.
Edmund hits you with a +2 flail of protection.
You shoot an arrow. The arrow hits Edmund!
Edmund is heavily wounded.
Edmund closely misses you.
You shoot an arrow. The arrow hits Edmund.
Edmund is severely wounded.
Edmund hits you with a +2 flail of protection.
You shoot an arrow.
The arrow hits Edmund but does no damage.
Edmund is severely wounded.
Edmund hits you but does no damage.
You shoot an arrow. The arrow barely misses Edmund.
Edmund hits you with a +2 flail of protection.
You shoot an arrow. The arrow hits Edmund.
Edmund is severely wounded.
Edmund closely misses you.
You shoot an arrow. The arrow hits Edmund.
Edmund is severely wounded.
Edmund misses you.
You shoot an arrow.
The arrow hits Edmund but does no damage.
Edmund is severely wounded.
Edmund hits you but does no damage.
You shoot an arrow.
The arrow hits Edmund but does no damage.
Edmund is severely wounded.
You shoot an arrow. The arrow hits Edmund.
Edmund is almost dead.
Edmund hits you with a +2 flail of protection!
You die...
Edmund whines, "They better pay attention to me now!"

#.#.# #.# #.#.# #.#
#.#'##### #.#
#.......####.#
#............#
#........##### #######
#........# ......#
#.#'####.########@.....#
#.#.............@......+
#.##.......######......#
#..'.......'..........##
#..#.......#########.##
...#...............# #
##.#........######.#
...####...#.# ####
#...#.#. .#
#######...#.#. .#


You could see Edmund.

Vanquished Creatures
  A sky beast (D:6)
  A black bear (D:5)
  An ice beast (D:5)
  A wolf (D:5)
  2 ogres
  4 scorpions
  A bullfrog (D:6)
  4 gnoll sergeants (D:5)
  4 wights (D:5)
  9 hounds
  2 gnoll boudas (D:5)
  A sleepcap (D:4)
  A hound zombie (D:4)
  12 adders
  25 gnolls
  2 white imps (D:6)
  2 ufetubi (D:6)
  An adder zombie (D:4)
  2 dart slugs
  3 orcs
  9 ball pythons
  4 endoplasms
  2 giant cockroaches (D:1)
  3 goblins
  9 hobgoblins
  9 jackals
  8 quokkas
  3 bats
  5 frilled lizards
  4 kobolds
  6 rats
141 creatures vanquished.

Notes
Turn   | Place    | Note
-------+----------+-------------------------------------------
     0 | D:1      | qw the Gargoyle Hunter began the quest for the Orb.
     0 | D:1      | Reached XP level 1. HP: 12/12 MP: 1/1
     0 | D:1      | 0 ||| qw: Version: 0.3-a-106-g2cfff9e
     0 | D:1      | 0 ||| qw: Game counter: 1970
     0 | D:1      | 0 ||| qw: Melee chars always use a shield: true
     0 | D:1      | 0 ||| qw: God list: Okawaru
     0 | D:1      | 0 ||| qw: Allow faded altars: false
     0 | D:1      | 0 ||| qw: Do Orc after clearing Dungeon:15 true
     0 | D:1      | 0 ||| qw: Do second Lair branch before Depths: true
     0 | D:1      | 0 ||| qw: Lair rune preference: random
     0 | D:1      | 0 ||| qw: Goals: Normal, Save, Zot:1-4, Win
     0 | D:1      | 0 ||| PLANNING D:1-11
   137 | D:1      | Reached XP level 2. HP: 16/17 MP: 2/2
   378 | D:1      | Reached XP level 3. HP: 21/21 MP: 3/3
   431 | D:1      | Reached skill level 5 in Ranged Weapons
   651 | D:1      | 651 ||| READING 2 scrolls labelled FASEICLUTEX.
   654 | D:1      | 654 ||| DRINKING 2 red potions.
   655 | D:1      | 655 ||| DROPPING scroll of butterflies.
   656 | D:1      | 656 ||| DROPPING potion of degeneration.
   784 | D:2      | Reached skill level 3 in Fighting
   804 | D:2      | Reached XP level 4. HP: 27/28 MP: 4/4
  1023 | D:2      | Noticed a scorpion
  1046 | D:2      | HP: 7/28 [scorpion (4)]
  1047 | D:2      | 1047 ||| READING scroll of teleportation.
  1048 | D:2      | 1048 ||| DRINKING blue potion.
  1050 | D:2      | Killed a scorpion
  1051 | D:2      | Reached skill level 6 in Ranged Weapons
  1051 | D:2      | Reached XP level 5. HP: 16/32 MP: 5/5
  1296 | D:2      | 1296 ||| UPGRADING to +0 ring mail.
  1306 | D:2      | 1306 ||| DROPPING +0 leather armour.
  1307 | D:2      | 1307 ||| UPGRADING to +6 ring of strength.
  1308 | D:2      | 1308 ||| READING scroll labelled HAFASM QIPUAS.
  1308 | D:2      | 1308 ||| ENCHANTING +0 ring mail.
  1309 | D:2      | 1309 ||| READING 2 scrolls labelled DAGGUDW FAYPP.
  1309 | D:2      | 1309 ||| ENCHANTING +0 shortbow.
  1310 | D:2      | 1310 ||| READING scroll of enchant weapon.
  1310 | D:2      | 1310 ||| ENCHANTING +1 shortbow.
  1311 | D:2      | 1311 ||| READING scroll labelled HEPNYE XALUIKH.
  1312 | D:2      | 1312 ||| READING scroll labelled PEHOEDW YPPOK XEW.
  1380 | D:3      | Reached skill level 1 in Armour
  1601 | D:3      | Reached XP level 6. HP: 37/37 MP: 6/6
  1829 | D:3      | 1829 ||| UPGRADING to +0 pair of gloves.
  1834 | D:3      | 1834 ||| READING 2 scrolls labelled QAOG WAPLE.
  1835 | D:3      | 1835 ||| READING scroll labelled HUNUVA ESESTRUUSH.
  1836 | D:3      | 1836 ||| READING scroll labelled DAG ORCHASEM.
  1836 | D:3      | 1836 ||| IDENTIFYING viscous emerald potion
  1837 | D:3      | 1837 ||| READING scroll labelled RUDOSU VAHU.
  1838 | D:3      | 1838 ||| DROPPING potion of magic.
  1839 | D:3      | 1839 ||| DROPPING scroll of amnesia.
  1918 | D:4      | 1918 ||| READING scroll of enchant weapon.
  1918 | D:4      | 1918 ||| ENCHANTING +2 shortbow.
  2206 | D:4      | HP: 3/38 [ogre/+0 giant club (15)]
  2207 | D:4      | 2207 ||| DRINKING brown potion.
  2208 | D:4      | 2208 ||| DRINKING metallic clear potion.
  2209 | D:4      | 2209 ||| DRINKING fizzy clear potion.
  2381 | D:4      | Found a basalt altar of Yredelemnul.
  2602 | D:4      | 2602 ||| UPGRADING to +0 pair of boots.
  2607 | D:4      | 2607 ||| READING 4 scrolls of identify.
  2607 | D:4      | 2607 ||| IDENTIFYING scroll labelled GOOLOS GOAPRYPIX
  2608 | D:4      | 2608 ||| READING 3 scrolls of identify.
  2608 | D:4      | 2608 ||| IDENTIFYING scroll labelled JAXKOI HUSS
  2609 | D:4      | 2609 ||| DROPPING scroll of revelation.
  2610 | D:4      | 2610 ||| DROPPING scroll of fear.
  2654 | D:5      | Entered Level 5 of the Dungeon
  2661 | D:5      | 2661 ||| RETREEAATING.
  2662 | D:5      | 2662 ||| STILL RETREEAATING.
  2663 | D:5      | 2663 ||| STILL RETREEAATING.
  2664 | D:5      | 2664 ||| STILL RETREEAATING.
  2665 | D:5      | 2665 ||| Stepping ~*~*~tactically~*~*~ (retreating).
  2666 | D:5      | 2666 ||| Stepping ~*~*~tactically~*~*~ (retreating).
  2666 | D:5      | Found a staircase to the Ecumenical Temple.
  2667 | D:5      | 2667 ||| PLANNING TEMPLE
  2671 | D:5      | 2671 ||| Stepping ~*~*~tactically~*~*~ (retreating).
  2672 | D:5      | 2672 ||| Stepping ~*~*~tactically~*~*~ (retreating).
  2676 | D:5      | Reached skill level 7 in Ranged Weapons
  2676 | D:5      | Reached XP level 7. HP: 29/43 MP: 7/7
  2682 | D:5      | HP: 9/43 [wight/+0 mace (4)]
  2687 | D:5      | HP: 7/43 [gnoll/+0 whip (2)]
  2687 | D:5      | HP: 1/43 [wight/+3 battleaxe (6)]
  2695 | D:5      | 2695 ||| FLEEEEING.
  2701 | D:5      | 2701 ||| FLEEEEING.
  2702 | D:5      | 2702 ||| FLEEEEING.
  2703 | D:5      | 2703 ||| STAIRDANCE
  2845 | D:5      | 2845 ||| STAIRDANCE
  2851 | D:5      | 2851 ||| STAIRDANCE
  2857 | D:5      | 2857 ||| STAIRDANCE
  2977 | D:5      | 2977 ||| FLEEEEING.
  2978 | D:5      | 2978 ||| STAIRDANCE
  2985 | D:5      | 2985 ||| STAIRDANCE
  3001 | Temple   | Entered the Ecumenical Temple
  3002 | Temple   | 3002 ||| PLANNING OKAWARU WORSHIP
  3013 | Temple   | Became a worshipper of Warmaster Okawaru
  3014 | Temple   | 3014 ||| PLANNING D:1-11
  3056 | D:5      | Reached skill level 8 in Ranged Weapons
  3232 | D:5      | Reached XP level 8. HP: 33/48 MP: 8/8
  3342 | D:5      | 3342 ||| Stepping ~*~*~tactically~*~*~ (retreating).
  3397 | D:5      | Reached * piety under Okawaru
  3417 | D:5      | Reached skill level 9 in Ranged Weapons
  3417 | D:5      | Reached skill level 1 in Invocations
  3476 | D:5      | Identified the +1 leather armour of Zoseat {rF+ rC+ Str-5}
  3598 | D:5      | 3598 ||| Stepping ~*~*~tactically~*~*~ (retreating).
  3601 | D:5      | 3601 ||| Stepping ~*~*~tactically~*~*~ (retreating).
  3602 | D:5      | 3602 ||| Stepping ~*~*~tactically~*~*~ (retreating).
  3603 | D:5      | 3603 ||| Stepping ~*~*~tactically~*~*~ (retreating).
  3614 | D:5      | 3614 ||| Stepping ~*~*~tactically~*~*~ (retreating).
  3617 | D:5      | 3617 ||| Stepping ~*~*~tactically~*~*~ (retreating).
  3618 | D:5      | 3618 ||| Stepping ~*~*~tactically~*~*~ (retreating).
  3619 | D:5      | 3619 ||| Stepping ~*~*~tactically~*~*~ (retreating).
  3620 | D:5      | 3620 ||| Stepping ~*~*~tactically~*~*~ (retreating).
  3621 | D:5      | 3621 ||| Stepping ~*~*~tactically~*~*~ (retreating).
  3622 | D:5      | 3622 ||| Stepping ~*~*~tactically~*~*~ (retreating).
  3622 | D:5      | HP: 10/51 [hound (5)]
  3623 | D:5      | 3623 ||| DRINKING 2 clear potions.
  3624 | D:5      | 3624 ||| DRINKING dark potion.
  3625 | D:5      | 3625 ||| DRINKING lumpy orange potion.
  3631 | D:5      | Reached skill level 3 in Invocations
  3648 | D:5      | Reached skill level 6 in Fighting
  3985 | D:5      | Reached ** piety under Okawaru
  3986 | D:5      | Reached XP level 9. HP: 55/55 MP: 12/12
  4142 | D:5      | 4142 ||| UPGRADING to +1 leather armour of Zoseat {rF+ rC+
                  | Str-5}.
  4152 | D:5      | 4152 ||| UPGRADING to +0 cloak.
  4157 | D:5      | 4157 ||| READING 2 scrolls of identify.
  4157 | D:5      | 4157 ||| IDENTIFYING scroll labelled DIMAIGR FEAD
  4158 | D:5      | 4158 ||| DROPPING potion of lignification.
  4159 | D:5      | 4159 ||| DROPPING scroll of vulnerability.
  4255 | D:6      | Reached skill level 10 in Ranged Weapons
  4263 | D:6      | Found a blossoming altar of Fedhas.
  4454 | D:6      | Noticed Edmund
  4469 | D:6      | HP: 13/55 [Edmund/+2 flail of protection (13)]
  4472 | D:6      | HP: 6/55 [Edmund/+2 flail of protection (3)]
  4474 | D:6      | HP: 2/55 [Edmund/+2 flail of protection (5)]
  4479 | D:6      | Mangled by Edmund

Levels and vault maps discovered:
D:1:      lemuel_arrival_muddy, layout_basic, serial_bayou_pond_c,
          minmay_box_of_dots
D:2:      minmay_diamond_boxcup, layout_basic
D:3:      layout_rooms, minmay_surrounded
D:4:      layout_loops_ring, lemuel_zombie_altar_yredelemnul
D:5:      layout_cave_pools, minmay_temple_entry_large_hall, serial_gnoll_camp,
          gnoll_camp_huts_basic, gnoll_camp_medium_01, gnoll_camp_mini_doghouse,
          gnoll_camp_mini_basic
D:6:      layout_basic, tgw_xom, mainiacjoe_overflow_boulevard, serial_shops,
          shop, uniq_edmund
Temple:   compressed_dpeg_circular_temple

Skill      XL: |  1  2  3  4  5  6  7  8  9 |
---------------+----------------------------+-----
Ranged Weapons | 5 6 7 8 9 10 | 10.1
Fighting       | 3 4 6 |  6.0
Armour         | 1 2 |  2.7
Dodging        | 2 |  2.6
Invocations    | 4 |  4.1
Stealth        | |  1.1

Action                     |  1- 3 |  4- 6 |  7- 9 || total
---------------------------+-------+-------+-------++-------
   Fire: Shortbow          |   133 |   185 |   346 ||   664
    Use: Scroll            |     1 |    13 |     1 ||    15
         Potion            |     1 |     4 |     3 ||     8
 Armour: Leather armour    |    43 |    45 |    20 ||   108
         Ring mail         |       |    45 |   167 ||   212
         Skin              |       |       |    41 ||    41
  Dodge: Dodged            |    41 |    71 |   124 ||   236

Table legend:
 A = Non-vault XP
 B = Vault XP
 C = Vault XP percentage of total XP
 D = Non-vault monster count
 E = Vault monster count
 F = Vault count percentage of total count
                 A         B        C        D         E       F
            +---------+---------+-------+---------+---------+-------
      Total |    1745 |    1256 |  41.9 |      84 |      57 |  40.4
            +---------+---------+-------+---------+---------+-------
        D:1 |      34 |       6 |  15.0 |      20 |       4 |  16.7
        D:2 |     142 |      39 |  21.5 |      21 |       9 |  30.0
        D:3 |      81 |      33 |  28.9 |       8 |       5 |  38.5
        D:4 |     275 |      25 |   8.3 |      14 |       2 |  12.5
        D:5 |     842 |    1153 |  57.8 |      14 |      37 |  72.5
        D:6 |     371 |       0 |   0.0 |       7 |       0 |   0.0
            +---------+---------+-------+---------+---------+-------
